AoeStats
← trumplee1273

Hideout

514530894Analyzed
4v4 RM · 2d ago on Oct 18, 2026· 47m 5s· 8 players
Game mode
Random Map
Map size
Large (8 player)
Population
200
Speed
Normal
Resources
Standard
Victory
Conquest
Starting age
Dark Age
Ending age
Imperial Age
RankedLock teamsTeams togetherTeam positionsShared explorationLock speedFull tech treeHidden civsTurbo modeCheats
Victory
Defeat
🇨🇱 Jurchens · Chile
856
+15
842
+15
🇫🇷 Britons · France
818
+16
🇪🇸 Varangians · Spain
794
+17
vs
🇸🇬 Spanish · Singapore
869
-17
🇮🇳 Hindustanis · India
863
-17
🇹🇷 Khitans · Türkiye
849
-17
🇹🇷 Chinese · Türkiye
725
-12
Goup
9:29 Feudal Age
19:07 Castle Age
17:05 Horse Collar
17:52 Double-Bit Axe
29:41 Imperial Age
29:22 Wheelbarrow
28:51 Padded Archer Armor
29:51 Bow Saw
29:52 Murder Holes
30:57 Conscription
32:29 Chemistry
32:32 Ballistics
32:05 Fletching
33:31 Bodkin Arrow
33:56 Hand Cart
33:28 Town Watch
36:31 Town Patrol
38:00 Loom
38:33 Leather Archer Armor
38:13 Gold Mining
39:23 Elite Longbowman
40:44 Masonry
40:40 Siege Engineers
41:25 Yeomen
46:07 Gold Shaft Mining
46:40 Two-Man Saw
45:42 Heavy Plow
45:47 Bracer
46:18 Ring Archer Armor
46:21 Architecture
45:34 Treadmill Crane
Harvey_Specter
11:21 Feudal Age
19:56 Castle Age
17:54 Horse Collar
18:06 Double-Bit Axe
21:36 Bow Saw
21:29 Heavy Plow
27:17 Gold Mining
27:20 Stone Mining
29:13 Wheelbarrow
32:25 Hand Cart
32:29 Caravan
33:55 Forging
33:45 Scale Mail Armor
38:25 Imperial Age
37:21 Iron Casting
37:02 Chain Mail Armor
38:40 Gambesons
38:59 Squires
38:22 Pikeman
38:31 Gothikon
39:32 Conscription
39:55 Crop Rotation
40:28 Two-Man Saw
39:54 Ballistics
39:41 Siege Engineers
39:41 Elite Varangian Guard
44:23 Blast Furnace
43:53 Plate Mail Armor
44:28 Chemistry
43:24 Murder Holes
43:45 Onager
Aegon the first of his name
11:48 Feudal Age
16:27 Castle Age
14:48 Horse Collar
15:21 Double-Bit Axe
16:57 Elite Skirmisher
22:38 Wheelbarrow
21:51 Man-at-Arms
22:41 Pikeman
23:55 Loom
24:52 Heavy Plow
25:09 Bow Saw
25:34 Padded Archer Armor
26:40 Gold Mining
27:01 Fletching
29:54 Hand Cart
31:53 Forging
31:45 Scale Mail Armor
34:12 Caravan
34:19 Stone Mining
35:05 Gold Shaft Mining
34:57 Long Swordsman
36:42 Bodkin Arrow
37:03 Leather Archer Armor
40:09 Imperial Age
37:42 Squires
37:54 Ballistas
38:12 Chain Mail Armor
40:38 Coinage
40:20 Legionary
41:34 Conscription
42:04 Banking
42:55 Comitatenses
42:56 Halberdier
43:20 Heavy Scorpion
46:12 Iron Casting
Juan Carlos Bodoque
2:31 Loom
9:56 Feudal Age
12:07 Arson
13:51 Man-at-Arms
16:21 Wheelbarrow
17:32 Town Watch
18:09 Gold Mining
18:12 Stone Mining
18:10 Double-Bit Axe
18:09 Horse Collar
18:44 Scale Mail Armor
18:54 Forging
19:23 Forging
25:46 Castle Age
25:21 Fletching
27:33 Hand Cart
27:37 Bow Saw
28:00 Gambesons
28:17 Squires
29:54 Stone Shaft Mining
29:55 Gold Shaft Mining
29:31 Heavy Plow
30:19 Fortified Wall
29:52 Treadmill Crane
30:51 Chain Mail Armor
32:50 Caravan
33:47 Town Patrol
35:33 Padded Archer Armor
38:25 Iron Casting
40:46 Bodkin Arrow
42:14 Fortified Bastions
44:45 Leather Archer Armor
46:15 Siege Engineers
46:32 Ballistics
46:23 Masonry
49:13 Imperial Age
47:24 Murder Holes
Umidizıbabomen
10:35 Feudal Age
15:37 Castle Age
16:09 Double-Bit Axe
17:51 Stone Mining
19:35 Loom
20:56 Forging
20:54 Scale Barding Armor
21:15 Bow Saw
20:51 Domestication
22:50 Stone Shaft Mining
22:07 Gold Mining
23:55 Iron Casting
28:18 Wheelbarrow
28:33 Scale Mail Armor
33:49 Imperial Age
31:56 Caravan
34:52 Conscription
37:06 Chain Barding Armor
38:16 Squires
38:19 Husbandry
37:41 Elite Steppe Lancer
42:14 Plate Barding Armor
Argımak
12:50 Feudal Age
15:56 Man-at-Arms
21:09 Castle Age
19:47 Double-Bit Axe
20:54 Horse Collar
24:18 Bow Saw
24:03 Gold Mining
39:00 Padded Archer Armor
39:06 Scale Barding Armor
43:55 Imperial Age
KathorKill
0:43 Loom
14:23 Feudal Age
15:56 Double-Bit Axe
20:35 Castle Age
20:18 Arson
21:32 Squires
22:24 Caravan
24:47 Bloodlines
27:04 Wheelbarrow
27:12 Bow Saw
29:25 Forging
29:11 Town Watch
32:17 Iron Casting
32:18 Husbandry
33:13 Padded Archer Armor
36:06 Imperial Age
33:54 Hand Cart
33:41 Town Patrol
35:08 Ballistics
37:06 Heavy Camel Rider
37:59 Light Cavalry
38:50 Hussar
40:11 Imperial Camel Rider
trumplee1273
1:54 Loom
10:12 Feudal Age
10:40 Double-Bit Axe
11:13 Horse Collar
20:45 Castle Age
20:16 Scale Barding Armor
21:45 Bow Saw
24:11 Wheelbarrow
23:36 Gold Mining
23:49 Husbandry
24:44 Heavy Plow
26:28 Padded Archer Armor
28:50 Hand Cart
29:09 Forging
32:08 Bloodlines
32:55 Leather Archer Armor
35:13 Imperial Age
32:51 Stone Mining
32:49 Town Watch
33:41 Caravan
35:12 Elite Skirmisher
37:33 Two-Man Saw
36:03 Cavalier
38:20 Chain Barding Armor
39:11 Conscription
39:18 Supremacy
39:59 Light Cavalry
42:28 Plate Barding Armor
45:56 Iron Casting
46:07 Stone Shaft Mining
Connection lost

Rejoining the realm…

Still unreachable

The connection could not be restored.

Session expired

The server has moved on; the page needs a fresh start.